[Event "37th ECCC 2022"]
[Site "Mayrhofen"]
[Date "2022.10.05"]
[Round "3.51"]
[White "Trost, Edvin"]
[Black "Citak, Selim"]
[Result "1/2-1/2"]
[ECO "E06"]
[WhiteElo "2347"]
[BlackElo "2216"]
[Annotator "TA"]
[PlyCount "115"]
[EventDate "2022.10.03"]
[EventType "team-tourn"]
[EventCountry "AUT"]
[SourceTitle "playchess.com"]
[Source "ChessBase"]
[SourceQuality "1"]
[TimeControl "40/5400+30:1800+30"]

1. d4 Nf6 2. c4 e6 3. Nf3 d5 4. g3 Be7 5. Bg2 O-O 6. O-O dxc4 7. Qc2 a6 8. a4 Bd7 9. Rd1 Bc6 10. Nc3 Bxf3 11. Bxf3 Nc6 12. Bxc6 bxc6 13. Bg5 {[%emt 0:00:05] E05: Open Catalan: 5 Nf3 Be7.} Rb8 14. Bxf6 Bxf6 15. Rab1 a5 ({Don't play} 15... Bxd4 16. e3 c5 17. Ne2 $16) 16. e3 {[%emt 0:05:55] [#]} Rb3 $146 ({Predecessor:} 16... Qe7 17. Ne4 Rb4 18. Nd2 c5 19. Nxc4 Qe8 20. Nxa5 Rxa4 21. b4 cxd4 22. Nc6 Qa8 23. Nxd4 Bxd4 24. Rxd4 {1-0 (44) Saric,A (2510)-Savic,M (2406) Neum 2022}) 17. Ne4 Qd5 18. Rdc1 Rb4 19. Nc3 (19. Nd2 $5 ) 19... Qf5 20. Ne4 Rd8 21. Nd2 c5 22. Qxf5 exf5 23. Nxc4 cxd4 (23... Rxa4 $15 24. dxc5 (24. b3 Ra2 $11) 24... Rd5) 24. Nxa5 $11 Rxa4 25. Nc6 Rd6 {[%emt 0:10:41] White must now prevent ...dxe3.} 26. Nxd4 Bxd4 27. exd4 {[%emt 0:00:00][%mdl 4096] Endgame KRR-KRR} Rd7 28. b4 h5 29. Rc4 (29. d5 $5) 29... Ra2 30. b5 Re7 31. d5 {[%emt 0:01:24][%cal Od5d6] [#] Threatens to win with d6!} Rd2 32. Rc5 {[%emt 0:01:09] The position is equal.} Rd7 33. d6 R2xd6 34. Rxf5 Rd5 35. Rxd5 Rxd5 {[%emt 0:00:04] KR-KR} 36. b6 cxb6 37. Rxb6 g6 38. Kg2 Kg7 39. Kf3 Ra5 40. h3 Ra3+ 41. Kg2 Ra4 42. Rb3 Ra2 43. g4 hxg4 44. hxg4 g5 45. Kg3 Kg6 46. f3 f6 47. f4 gxf4+ 48. Kxf4 Ra4+ 49. Kg3 Ra1 50. Rf3 Ra4 51. Rf4 Rxf4 52. Kxf4 {[%emt 0:00:05] KP-KP} Kg7 53. Kf5 Kf7 54. Ke4 Kg6 55. Kf4 Kg7 56. Kf5 Kf7 57. g5 fxg5 58. Kxg5 {[%emt 0:00:07] Weighted Error Value: White=0.04 (flawless) /Black=0.03 (flawless)} 1/2-1/2

[Event "37th ECCC 2022"]
[Site "Mayrhofen"]
[Date "2022.10.05"]
[Round "3.52"]
[White "Erten, Kerem"]
[Black "Kenneskog, Theodor"]
[Result "1/2-1/2"]
[ECO "B51"]
[WhiteElo "2040"]
[BlackElo "2320"]
[Annotator "TA"]
[PlyCount "74"]
[EventDate "2022.10.03"]
[EventType "team-tourn"]
[EventCountry "AUT"]
[SourceTitle "playchess.com"]
[Source "ChessBase"]
[SourceQuality "1"]
[TimeControl "40/5400+30:1800+30"]

1. e4 c5 2. Nf3 d6 3. Bb5+ Nd7 4. O-O a6 5. Bd3 Ngf6 6. Re1 {[%emt 0:00:05] B51: Sicilian: Moscow Variation (3 Bb5+) without 3...Bd7.} e6 $1 {[%emt 0:00:19] 6...e6 is better than 6...b5.} 7. c3 b5 8. Bc2 {[%emt 0:01:09] White has an edge.} c4 9. b3 (9. a4 $11) 9... Bb7 $15 10. Na3 Rc8 11. bxc4 bxc4 12. Rb1 Ba8 13. Qe2 Qc7 14. d3 cxd3 15. Bxd3 Nc5 16. Bxa6 Nxa6 17. Qxa6 {[%emt 0:00:10] [#] Strongly threatening Nb5.} Bxe4 18. Nb5 Qd7 {[%emt 0:19:23] [#]} 19. Rb2 $146 (19. Ba3 $11 Ra8 20. Qb6) ({Predecessor:} 19. Rb4 d5 20. Ne5 Qd8 21. Qb7 Be7 22. Nd6+ Qxd6 23. Qxc8+ Bd8 24. Ba3 O-O 25. Ra4 Qxe5 26. Bxf8 {1-0 (38) Melia,S (2370)-Nastore,P (2234) Chess.com INT 2020}) 19... Be7 20. Rd1 ({White should try} 20. Na7 $1 $15 Ra8 21. Be3) 20... Bxf3 (20... O-O $17 {Threatens to win with ...Ra8.} 21. Ne5 Qd8) 21. Rxd6 ({But not} 21. gxf3 O-O 22. Qa4 Nd5 $17) 21... Ra8 22. Rxd7 Rxa6 23. Rd3 {[%emt 0:01:24] [#] Nc7+ is the strong threat.} O-O $1 24. gxf3 Rc8 25. Be3 Nd5 {[%emt 0:02:02][%mdl 1024] Black has compensation.} 26. Bd4 Bg5 (26... h5 $17) 27. Rd1 h5 28. Ra1 f6 29. Re2 e5 30. Be3 Bxe3 (30... Nxc3 $2 31. Rc2 $18 (31. Nxc3 Rxc3 32. Bxg5 fxg5 $14)) 31. fxe3 Rc5 (31... Nxc3 $2 32. Rc2 $18) 32. a4 Rxb5 (32... Ra5 $5 ) 33. c4 {[%emt 0:00:08] The position is equal.} Rba5 34. cxd5 Rxd5 35. Rc2 Rd3 36. Kf2 Rb3 37. Ke2 Ra7 {[%emt 0:00:42] Weighted Error Value: White=0.18 (very precise) /Black=0.19 (very precise)} 1/2-1/2

[Event "37th ECCC 2022"]
[Site "Mayrhofen"]
[Date "2022.10.05"]
[Round "3.53"]
[White "Hedman, Erik"]
[Black "Kazdagli, Benan"]
[Result "1-0"]
[ECO "A05"]
[WhiteElo "2322"]
[BlackElo "2005"]
[Annotator "TA"]
[PlyCount "83"]
[EventDate "2022.10.03"]
[EventType "team-tourn"]
[EventCountry "AUT"]
[SourceTitle "playchess.com"]
[Source "ChessBase"]
[SourceQuality "1"]
[TimeControl "40/5400+30:1800+30"]

1. Nf3 Nf6 2. g3 g6 3. b3 Bg7 4. Bb2 O-O 5. Bg2 c5 6. c4 Nc6 7. O-O d6 8. Nc3 Bg4 9. h3 {[%emt 0:00:23] A38: Symmetrical English vs ...g6: 4 Bg2 Bg7 5 Nf3 Nf6.} Bf5 (9... Bxf3 $5 10. Bxf3 e6 $11) 10. d3 {[%emt 0:04:48] [#]} Bd7 $146 ({Predecessor:} 10... a6 11. Ne1 Rb8 12. Nc2 Nd4 13. Ne3 Bd7 14. Rb1 b5 15. Ned5 Nxd5 16. Nxd5 bxc4 17. dxc4 {1-0 (67) Tadic,B (2461)-Anand,B (2312) Belgrade 2022}) 11. e3 {[%emt 0:11:02][%cal Be2e3,Be3d4,Bd4d5][%mdl 32] White has an edge.} Re8 12. Qd2 Qa5 13. d4 cxd4 14. exd4 Rac8 15. d5 Nd8 16. Rad1 a6 17. Nd4 e5 18. dxe6 $1 fxe6 19. Nc2 Bc6 20. Qxd6 Bxg2 21. Kxg2 Nc6 22. b4 Qh5 {[%emt 0:00:24] [#]} 23. c5 ({White should try} 23. Rfe1 $1 $16) 23... Ne5 $14 24. Ne3 {[%emt 0:01:19] Prevents Nc4. Black must now prevent g4.} Qf3+ 25. Kh2 Ne4 $2 (25... Nc6 $11) 26. Nxe4 $18 Qxe4 27. Bxe5 Bxe5 28. Qd2 Bc7 $2 (28... Rf8 {is tougher.} 29. Rfe1 Bg7) 29. Ng4 {[%emt 0:00:24] And now Nf6+ would win.} Rf8 {[%emt 0:02:23] Against Nf6+} 30. Qc3 e5 31. Rde1 (31. Rd7 $142) 31... Qd4 $2 (31... Qd5 {was worth a try.} 32. f4 (32. Nxe5 Bxe5 33. Rxe5 Qxa2 $16) 32... Rcd8 33. fxe5 Qd3 34. Qxd3 Rxd3) 32. Qxd4 (32. Qb3+ $142 Kh8 33. Rd1) 32... exd4 33. f4 (33. Re7 $18) 33... Kf7 34. Kg2 $36 {[%emt 0:00:40][%mdl 2048] White has strong initiative. White is more active.} b6 $2 {[%emt 0:00:35][%mdl 8192] This move loses the game for Black.} (34... Rfd8 $16 35. Nf2 b6) 35. cxb6 Bxb6 36. Ne5+ {[%emt 0:00:06] White is clearly winning.} Kg7 {[%emt 0:00:17] [#]} 37. Nd7 $1 Rc2+ 38. Rf2 Rc6 39. Re7+ Kg8 40. Nxf8 d3 41. Re6 Bxf2 42. Rxc6 {[%emt 0:00:25] Weighted Error Value: White=0.34/Black=0.60} 1-0

[Event "37th ECCC 2022"]
[Site "Mayrhofen"]
[Date "2022.10.05"]
[Round "3.54"]
[White "Bektas, Cagan Erdem"]
[Black "Bator, Robert"]
[Result "0-1"]
[ECO "D31"]
[WhiteElo "1715"]
[BlackElo "2353"]
[Annotator "TA"]
[PlyCount "116"]
[EventDate "2022.10.03"]
[EventType "team-tourn"]
[EventCountry "AUT"]
[SourceTitle "playchess.com"]
[Source "ChessBase"]
[SourceQuality "1"]
[TimeControl "40/5400+30:1800+30"]

1. d4 d5 2. c4 e6 3. Nc3 a6 4. cxd5 exd5 5. Nf3 Nf6 6. Bg5 {[%emt 0:00:40] D37: Queen's Gambit Declined: 5 Bf4.} Be7 7. e3 c6 8. Bd3 {[%emt 0:01:03] [#] White is slightly better. The main line 8.Bd3 scores better than 8.Qc2.} Nh5 $146 ({Predecessor:} 8... h6 9. Bh4 Nbd7 10. Qc2 O-O 11. O-O Re8 12. Rae1 Ne4 13. Bxe4 Bxh4 14. Bh7+ Kf8 15. e4 dxe4 16. Nxh4 Qxh4 17. Nxe4 g6 18. Nd6 Re7 19. d5 c5 20. Nxf7 Rxf7 21. Bxg6 {1-0 (28) Navara,D (2682)-Kraus,T (2472) Usti nad Labem 2022}) 9. Bxe7 Qxe7 10. O-O O-O 11. Ne5 g6 12. Be2 Ng7 13. Na4 Nd7 14. Nxd7 Bxd7 15. Nb6 Rae8 16. Nxd7 Qxd7 17. b4 f5 18. a4 (18. g3 $11) 18... f4 (18... Qe7 $1 $15) 19. exf4 $11 Qe7 20. Bf3 Qxb4 (20... Rxf4 $5 21. g3 Rf7 $15) 21. Rb1 Qe7 22. g3 Rf7 23. Qd3 Qf6 24. Rb3 Nf5 25. Rd1 Nd6 26. Kg2 Rfe7 27. Rbb1 Nc4 28. Qc3 Qd6 29. Ra1 Kg7 30. h4 Qf6 31. h5 g5 32. fxg5 Qxg5 33. Rh1 ({Better is} 33. Re1 $15) 33... Kh6 (33... Rf7 $17 {Hoping for ...Ref8.} 34. h6+ Kh8) 34. Rad1 Rg7 {[%emt 0:01:26][%cal Oc4e3] [#] And now ...Ne3+! would win.} 35. Rd3 {[%emt 0:00:08] Inhibits Ne3+.} Nd6 36. Re1 Rxe1 37. Qxe1 {[%emt 0:00:04] aiming for Qe6+.} Re7 {[%emt 0:00:10] Against Qe6+} 38. Qb4 Nf5 39. Kf1 Qc1+ {[%emt 0:02:30] [#]} (39... Rf7 $11 {keeps the balance.}) 40. Kg2 (40. Bd1 $1 $16) 40... Qg5 41. Kf1 Qf6 {[%emt 0:31:51][%cal Of5e3] Threatens to win with ...Ne3+!} 42. Qd2+ Kg7 {[%emt 0:02:23] Active counter play!} 43. Qf4 Nd6 {[%emt 0:01:00] ...Qxf4 is the strong threat.} ({Don't do} 43... Qe6 44. Qg5+ Kh8 45. Bg4 $18) 44. Qg4+ Kh6 45. Qg8 (45. Kg2 $1 $11 {remains equal.}) 45... Re8 (45... Rf7 $17 {Strongly threatening ...Ne4.} 46. Qb8 Ne4) 46. Qg4 Qf5 {[%emt 0:00:00] Dancing on a razor blade.} 47. Qxf5 Nxf5 {[%emt 0:00:00][%mdl 4096] Endgame KRB-KRN} 48. Kg2 (48. Bg4 $5 Nd6 49. f4 $11) 48... b5 (48... Kg7 $15) 49. axb5 axb5 50. Kh3 b4 51. Bg4 Nd6 52. Bd7 Rb8 53. Bxc6 b3 54. Bxd5 b2 55. Ba2 Ra8 56. Rb3 $2 Rxa2 $19 {[%emt 0:00:00] Black is clearly winning.} 57. Kg4 Nc4 58. Rb7 Ra6 {[%emt 0:00:00] Weighted Error Value: White=0.30/Black=0.14 (very precise)} 0-1

[Event "37th ECCC 2022"]
[Site "Mayrhofen"]
[Date "2022.10.05"]
[Round "3.55"]
[White "Heberla, Bartlomiej"]
[Black "Aroshidze, Levan"]
[Result "1/2-1/2"]
[ECO "B41"]
[WhiteElo "2562"]
[BlackElo "2519"]
[Annotator "TA"]
[PlyCount "62"]
[EventDate "2022.10.03"]
[EventType "team-tourn"]
[EventCountry "AUT"]
[SourceTitle "playchess.com"]
[Source "ChessBase"]
[SourceQuality "1"]
[TimeControl "40/5400+30:1800+30"]

1. e4 c5 2. Nf3 e6 3. d4 cxd4 4. Nxd4 a6 5. c4 Nf6 6. Nc3 Qc7 7. Be2 Bb4 8. O-O O-O {[%emt 0:01:10] B41: Sicilian: Kan Variation: 5 c4.} 9. Bg5 Bxc3 10. Bxf6 Bb4 11. Bg5 {[%emt 0:00:03] [#]} b6 $146 ({Predecessor:} 11... Nc6 12. Be3 Bd6 13. g3 Rd8 14. Nxc6 dxc6 15. Qc2 c5 16. f4 b6 17. e5 Bf8 {½-½ (28) Kollars,D (2534)-Gordievsky,D (2630) Karlsruhe 2018}) 12. Qd3 Bb7 13. Rfd1 h6 14. Be3 Nc6 15. Nb3 d6 16. a3 Bc5 17. Nxc5 dxc5 18. Qd7 ({White should play} 18. Qd6 $11 Qxd6 19. Rxd6) 18... Qb8 $1 $15 {[%emt 0:01:36] [#] Hoping for ...Rd8.} 19. Qd6 Nd4 $1 20. Qxb8 Nxe2+ 21. Kf1 Rfxb8 22. Kxe2 Bxe4 23. f3 Bc2 24. Rd6 b5 (24... Bb3 $15 25. Rc1 a5) 25. Rc1 $11 {[%emt 0:00:16] The position is equal.} Ba4 26. Ke1 bxc4 27. Rxc4 Bb3 28. Rxc5 a5 29. Bd2 a4 30. Bc3 Rd8 31. Rcc6 Rxd6 {[%emt 0:00:26] Weighted Error Value: White=0.09 (flawless) /Black=0.06 (flawless)} 1/2-1/2

[Event "37th ECCC 2022"]
[Site "Mayrhofen"]
[Date "2022.10.05"]
[Round "3.56"]
[White "Milliet, Sophie"]
[Black "Neugebauer, Martin"]
[Result "0-1"]
[ECO "B40"]
[WhiteElo "2363"]
[BlackElo "2517"]
[Annotator "TA"]
[PlyCount "68"]
[EventDate "2022.10.03"]
[EventType "team-tourn"]
[EventCountry "AUT"]
[SourceTitle "playchess.com"]
[Source "ChessBase"]
[SourceQuality "1"]
[TimeControl "40/5400+30:1800+30"]

1. e4 c5 2. Nf3 e6 3. c3 Nf6 4. e5 Nd5 5. d4 cxd4 6. cxd4 d6 7. Bc4 Nc6 8. O-O Be7 9. Qe2 a6 {[%emt 0:05:03] B22: Sicilian: 2 c3.} 10. Re1 {[%emt 0:06:54] [#]} h6 $146 ({Predecessor:} 10... b5 11. Bxd5 exd5 12. Nc3 Be6 13. exd6 Qxd6 14. Bg5 h6 15. Bxe7 Nxe7 16. Ne5 O-O {½-½ (56) Savchenko,B (2535)-Mezentsev,I (2354) Chess.com INT 2021}) 11. Bd2 Ndb4 {[%emt 0:09:42] The position is equal.} 12. Bxb4 Nxb4 13. Nc3 d5 14. Bb3 Bd7 15. a3 Nc6 16. Bc2 Rc8 17. Qd3 Na5 18. Nd2 Bg5 19. Nb3 Nc4 20. Nc5 b6 21. Nxd7 {[%emt 0:04:04] Strongly threatening Ba4.} Nxb2 22. Qg3 (22. Qxa6 $15 Rxc3 23. Nf6+ Ke7 24. Qb5) 22... Qxd7 $17 23. f4 {[%emt 0:07:24] [#]} (23. Reb1 $17 Qc6 24. Rxb2 Qxc3 25. Qxc3 Rxc3 26. Bd1) 23... Bxf4 $1 $19 24. Qxg7 (24. Qxf4 {was the crucial defense.} Rxc3 25. Qd2) 24... Rf8 25. Rab1 Bd2 26. Rf1 Bxc3 27. Bg6 Bxd4+ 28. Kh1 Qe7 29. Bh5 Nc4 30. Rxf7 Rxf7 31. Rf1 Nxe5 {[%emt 0:00:30][%cal Oe8d8] [#] Threatens to win with ...Kd8!} 32. Bxf7+ Qxf7 33. Qh8+ Kd7 34. Rxf7+ Nxf7 {[%emt 0:00:04] Weighted Error Value: White=1.18/Black=0.04 (flawless)} 0-1

[Event "37th ECCC 2022"]
[Site "Mayrhofen"]
[Date "2022.10.05"]
[Round "3.57"]
[White "Polak, Tomas"]
[Black "Vucinic, Gojko"]
[Result "1-0"]
[ECO "A05"]
[WhiteElo "2502"]
[BlackElo "2380"]
[Annotator "TA"]
[PlyCount "89"]
[EventDate "2022.10.03"]
[EventType "team-tourn"]
[EventCountry "AUT"]
[SourceTitle "playchess.com"]
[Source "ChessBase"]
[SourceQuality "1"]
[TimeControl "40/5400+30:1800+30"]

1. Nf3 Nf6 2. c4 g6 3. Nc3 d5 4. cxd5 Nxd5 5. e4 Nxc3 6. dxc3 Qxd1+ 7. Kxd1 f6 8. Be3 e5 9. Nd2 h5 {[%emt 0:04:20] A16: English Opening: 1...Nf6 with ...d5.} 10. f3 Nd7 11. Nb3 Nb6 {[%emt 0:00:04] White has an edge.} 12. Kc2 Bd7 13. Nc5 Bc6 14. b3 {[%emt 0:01:24] [#]} Nd7 $146 ({Predecessor:} 14... Bh6 15. Bxh6 Rxh6 16. a4 Ke7 17. Bb5 Nd7 18. Nd3 Nb8 19. Nb4 a5 20. Bxc6 bxc6 {½-½ (38) So,W (2778)-Aronian,L (2764) Leuven 2018}) 15. Nd3 a5 {[%emt 0:00:12] Against Nb4} 16. g3 f5 17. Bg2 fxe4 18. fxe4 Bh6 19. Bxh6 Rxh6 20. h4 Ke7 21. Rhf1 Rg8 22. Rae1 $1 g5 {[%emt 0:10:53] [#] White must now prevent ...gxh4.} 23. Bh3 $1 g4 24. Bg2 Ke6 25. Rf5 Rf8 $2 {[%emt 0:00:04] [#] Loses the game.} ({Black should play} 25... b6 $14) 26. Nxe5 $1 $18 Rxf5 (26... Rhf6 $142) 27. exf5+ Kxf5 28. Nxc6 bxc6 {[%emt 0:00:06][%mdl 4096] Endgame KRB-KRN} 29. Be4+ Ke5 $2 (29... Ke6 30. Bxc6+ Ne5) 30. Bxc6+ $1 {[%emt 0:00:31] White is clearly winning.} Kd6 31. Bxd7 Kxd7 {[%emt 0:00:04] KR-KR} 32. Re5 Rf6 (32... a4 $142 33. bxa4 Kd6) 33. Rxa5 Rf2+ 34. Kd3 Rf3+ 35. Kd4 Rxg3 36. Rxh5 Rh3 37. c4 Ke6 38. Kc5 {[%emt 0:04:28] And now Kc6 would win.} Re3 39. Rg5 Re5+ 40. Kd4 Rxg5 41. hxg5 Kf5 42. Ke3 Kxg5 43. a4 Kh4 44. Kf2 ({Not} 44. a5 Kh3 45. Kf2 (45. a6 g3 $16) 45... Kh2 $16) 44... Kh3 45. Kg1 {[%emt 0:00:05] Weighted Error Value: White=0.02 (flawless) /Black=0.40} ({Weaker is} 45. a5 Kh2 46. a6 g3+ 47. Ke2 g2 $16) 1-0

[Event "37th ECCC 2022"]
[Site "Mayrhofen"]
[Date "2022.10.05"]
[Round "3.58"]
[White "Matnadze Bujiashvili, Ann"]
[Black "Kusa, Jakub"]
[Result "1/2-1/2"]
[ECO "D02"]
[WhiteElo "2392"]
[BlackElo "2360"]
[Annotator "TA"]
[PlyCount "98"]
[EventDate "2022.10.03"]
[EventType "team-tourn"]
[EventCountry "AUT"]
[SourceTitle "playchess.com"]
[Source "ChessBase"]
[SourceQuality "1"]
[TimeControl "40/5400+30:1800+30"]

1. d4 d5 2. Nf3 e6 3. g3 c5 4. c4 dxc4 5. Qa4+ Nc6 6. dxc5 Nf6 7. Bg2 Bd7 {[%emt 0:03:15] E04: Open Catalan: 5 Nf3.} 8. Qxc4 Qa5+ 9. Nbd2 {[%emt 0:03:10] is the legacy move (9.Nc3).} Qxc5 10. O-O Be7 11. a3 (11. Qxc5 $14 Bxc5 12. b3) 11... O-O 12. Qxc5 Bxc5 13. b4 Be7 14. Bb2 Rac8 15. Rac1 Rfd8 16. Nb3 (16. Nc4 $5 ) 16... Be8 17. b5 Nb8 18. Nfd4 b6 19. Bb7 Rxc1 20. Rxc1 {[%emt 0:00:09] Strongly threatening Nc6.} Rd7 {[%emt 0:02:02] [#]} 21. Bf3 $146 ({Predecessor:} 21. Bg2 Nd5 22. Rc8 Rd8 23. Rxd8 Bxd8 24. Bxd5 exd5 25. Kg2 a6 26. a4 axb5 27. axb5 {0-1 (51) Khodos,G-Krogius,N Soviet Union 1967}) 21... Nd5 22. a4 a6 23. h4 {[%emt 0:37:15] White is more active.} Kf8 24. h5 h6 25. Bg4 (25. Kg2 $14) 25... Rc7 26. Ra1 Bd7 27. Bf3 Rc8 28. Kg2 Nb4 29. Be4 Nd5 30. Bf3 Nb4 31. Bb7 Rc7 32. bxa6 (32. Be4 $5 ) 32... N8xa6 {[%emt 0:00:41] The position is equal.} 33. Bf3 Nc2 34. Nxc2 Rxc2 35. Bd4 Nc5 36. Nxc5 Bxc5 37. Bxc5+ Rxc5 $11 {[%emt 0:00:08][%mdl 4096] Endgame KRB-KRB} 38. Rb1 Bxa4 39. Rxb6 Rc8 40. g4 Bd7 41. Kg3 Rc5 42. Rb7 Ke7 43. Ra7 Kd8 44. Kf4 Rc7 45. Ra5 f6 46. Ra8+ Rc8 47. Ra7 Rc7 48. Ra8+ Rc8 49. Ra7 Rc7 {[%emt 0:00:06] Weighted Error Value: White=0.09 (flawless) /Black=0.07 (flawless)} 1/2-1/2

[Event "37th ECCC 2022"]
[Site "Mayrhofen"]
[Date "2022.10.05"]
[Round "3.59"]
[White "Roubalik, Jakub"]
[Black "Van Vliet, Dennis"]
[Result "1-0"]
[ECO "A17"]
[WhiteElo "2372"]
[BlackElo "2056"]
[Annotator "TA"]
[PlyCount "70"]
[EventDate "2022.10.03"]
[EventType "team-tourn"]
[EventCountry "AUT"]
[SourceTitle "playchess.com"]
[Source "ChessBase"]
[SourceQuality "1"]
[TimeControl "40/5400+30:1800+30"]

1. c4 e6 2. Nc3 Nf6 3. Nf3 d5 4. cxd5 exd5 5. d4 c6 6. Bg5 Be7 7. Qc2 g6 8. e3 Bf5 9. Bd3 Bxd3 10. Qxd3 h6 {[%emt 0:03:39] D36: Queen's Gambit Declined: Exchange Variation: Main line (5 Bg5 c6 6 Qc2).} 11. Bf4 Nbd7 12. h3 {[%emt 0:00:45] [#]} Nf8 $146 {[%emt 0:00:32] The position is equal.} ({Predecessor:} 12... Nh5 13. Bh2 O-O 14. g4 Ng7 15. O-O-O b5 16. Kb1 b4 17. Ne2 Ne6 18. Ne5 Nxe5 19. Bxe5 {½-½ (39) Straub,N (2344)-Netzer,J (2301) Deizisau 2004}) 13. Bh2 Ne6 14. Ne5 Ng7 (14... O-O $11) 15. g4 Nd7 16. O-O-O Nxe5 17. Bxe5 Bf6 {[%emt 0:04:42] Black is now going downhill.} 18. f4 {[%emt 0:08:58] White has more active pieces.} Qe7 19. e4 O-O-O {[%emt 0:02:16] [#]} (19... Bxe5 $16 20. fxe5 dxe4 21. Nxe4 (21. Qxe4 O-O-O $14) 21... O-O-O) 20. exd5 $1 $18 (20. Nxd5 cxd5 21. Qc2+ Kd7 22. Qa4+ Kc8 $16) 20... Bxe5 21. dxe5 ({Don't play} 21. fxe5 $6 cxd5 22. Rhf1 Rhf8 $16) 21... cxd5 22. Nxd5 Qc5+ 23. Kb1 Kb8 24. Qe4 $36 {[%emt 0:00:50][%mdl 2048] Black is under strong pressure.} h5 25. Nf6 {[%emt 0:05:21] [#] Black must now prevent Nd7+.} ({But not} 25. e6 $6 Nxe6 26. f5 gxf5 27. gxf5 Nc7 $14) 25... Ka8 $2 (25... Qc7 26. Rxd8+ Rxd8) 26. Rxd8+ Rxd8 27. Rc1 Qb5 28. gxh5 gxh5 29. a4 Qa6 (29... Qb3 30. Qd4 Rh8) 30. f5 Kb8 31. Rg1 ({Weaker is} 31. Qc2 Qd3 $16) 31... Qb6 (31... Nxf5 $142 32. Qxf5 Qxa4) 32. Rxg7 Rd1+ 33. Ka2 {[%emt 0:01:23] White mates.} a6 34. Rxf7 Ka7 35. e6 Rd4 {[%emt 0:00:36] Weighted Error Value: White=0.12 (very precise) /Black=0.66} 1-0

[Event "37th ECCC 2022"]
[Site "Mayrhofen"]
[Date "2022.10.05"]
[Round "3.60"]
[White "Koridze, Lile"]
[Black "Nemec, Jachym"]
[Result "1/2-1/2"]
[ECO "D30"]
[WhiteElo "2134"]
[BlackElo "2345"]
[Annotator "TA"]
[PlyCount "88"]
[EventDate "2022.10.03"]
[EventType "team-tourn"]
[EventCountry "AUT"]
[SourceTitle "playchess.com"]
[Source "ChessBase"]
[SourceQuality "1"]
[TimeControl "40/5400+30:1800+30"]

1. d4 d5 2. c4 c6 3. Nf3 Nf6 4. e3 e6 5. Nbd2 c5 6. cxd5 exd5 {[%emt 0:00:28] D30: Queen's Gambit Declined: Systems without Nc3.} 7. dxc5 Bxc5 8. Bb5+ Nc6 {[%emt 0:03:24] [#]} 9. Qa4 $146 ({Predecessor:} 9. O-O O-O 10. Bxc6 bxc6 11. Qc2 Qb6 12. b3 Ba6 13. Re1 Be7 14. Bb2 c5 15. Ng5 {0-1 (31) Dizdarevic,E (2378)-Nikolic,P (2536) Neum 2022}) 9... Bd7 10. Nb3 Bd6 11. Bd2 O-O (11... a6 $5 12. Bxc6 bxc6 $15) 12. O-O Ne4 13. Rfd1 (13. Bc3 $11) 13... Qf6 (13... a6 $17 14. Bxc6 bxc6) 14. Bc3 $1 $11 Nxc3 15. bxc3 a6 ({Don't take} 15... Qxc3 16. Rxd5 a6 17. Be2 $16 (17. Rxd6 axb5 18. Qxb5 Be6 $16)) 16. Bxc6 bxc6 17. Qd4 Qh6 18. c4 Rad8 19. cxd5 cxd5 20. Rac1 Bb5 21. Qb2 {[%emt 0:05:25] Prevents Be2.} Bc4 22. Na5 Rb8 23. Qc2 Ba3 24. Rb1 Qg6 25. e4 (25. Qxg6 $11 {remains equal.} hxg6 26. Nc6) 25... Rxb1 (25... Bb5 $5 26. Nd4 dxe4 27. Nxb5 Rxb5 28. Rxb5 axb5 $17) 26. Rxb1 Bb5 {[%emt 0:00:24] This bishop pair is nice.} (26... Rc8 $5 ) 27. Nd4 dxe4 28. Nxb5 axb5 29. Rxb5 Rd8 {[%emt 0:00:39][%cal Oe4e3] [#] aiming for ...e3!} 30. Rb1 h5 31. Rd1 {[%emt 0:03:00] The position is equal.} Rxd1+ 32. Qxd1 {[%emt 0:00:04][%mdl 4096] Endgame KQB-KQN} Bc5 33. Nc4 $1 Qf6 34. Ne3 Qc3 35. Qe2 g6 36. g3 Kg7 37. Kg2 Bd4 38. a4 f5 39. Nd5 Qc5 40. Nf4 Qc6 {[%emt 0:01:21] Prevents Ne6+.} 41. Qa2 e3+ $1 42. f3 {[%emt 0:00:09] [#] And now Ne6+ would win.} Be5 43. Nd3 Bd4 44. Nf4 {[%emt 0:04:15] Hoping for Ne6+.} Be5 {[%emt 0:00:23] Weighted Error Value: White=0.09 (flawless) /Black=0.10 (very precise)} 1/2-1/2

[Event "37th ECCC 2022"]
[Site "Mayrhofen"]
[Date "2022.10.05"]
[Round "3.61"]
[White "Thybo, Jesper Sondergaard"]
[Black "Bauer, Christian"]
[Result "1/2-1/2"]
[ECO "D30"]
[WhiteElo "2498"]
[BlackElo "2616"]
[Annotator "TA"]
[PlyCount "78"]
[EventDate "2022.10.03"]
[EventType "team-tourn"]
[EventCountry "AUT"]
[SourceTitle "playchess.com"]
[Source "ChessBase"]
[SourceQuality "1"]
[TimeControl "40/5400+30:1800+30"]

1. d4 d5 2. c4 e6 3. Nf3 c6 4. Nbd2 Nf6 5. g3 Be7 6. Bg2 O-O 7. O-O b6 8. b3 {[%emt 0:01:09] E06: Closed Catalan: Early deviations.} Bb7 9. Bb2 Na6 10. e3 {[%emt 0:05:12] White has an edge.} c5 11. Qe2 Rc8 12. Rfd1 Qc7 13. Rac1 {[%emt 0:03:13] [#]} Qb8 $146 ({Predecessor:} 13... dxc4 14. Nxc4 Rfd8 15. dxc5 Rxd1+ 16. Rxd1 Qxc5 17. Bxf6 Bxf6 18. Nd6 Bxf3 19. Bxf3 Rd8 {½-½ (33) Keitlinghaus,L (2410)-Garcia Palermo,C (2470) Germany 1989}) 14. cxd5 Nxd5 15. Ne5 {[%emt 0:06:52] And now Nd7 would win.} Nf6 {[%emt 0:06:08] Prevents Nd7.} 16. Bxb7 Qxb7 17. Qf3 Qxf3 18. Ndxf3 Ne4 19. a3 f6 20. Nd3 Kf7 21. Kf1 b5 22. dxc5 Naxc5 23. Nxc5 Nxc5 24. Rc3 Ne4 25. Rcc1 e5 26. Ke2 Rxc1 27. Rxc1 {[%emt 0:00:24] The position is equal.} Rd8 28. Rc2 Ke6 29. Ne1 Nc5 30. b4 Na4 31. Nd3 Nb6 32. Rc7 Rd7 33. Nc5+ Bxc5 34. Rxc5 $11 {[%emt 0:00:03][%mdl 4096] Endgame KRB-KRN} Na4 35. Rc2 Kd5 36. Rd2+ Kc6 {[%emt 0:00:25] [#] Strongly threatening ...Rxd2+.} 37. Rc2+ Kd5 38. Rd2+ Ke6 {[%emt 0:00:13] Threatens to win with ...Rxd2+.} 39. Rc2 Kd5 {[%emt 0:00:53] Weighted Error Value: White=0.05 (flawless) /Black=0.05 (flawless)} 1/2-1/2